AoeStats
← jeifel

Arabia

509214157Analyzed
1v1 RM · 8d ago on Sep 25, 2026· 37m 24s· 2 players
Game mode
Random Map
Map size
Tiny (2 player)
Population
200
Speed
Normal
Resources
Standard
Victory
Conquest
Starting age
Dark Age
Ending age
Imperial Age
RankedLock teamsTeams togetherTeam positionsShared explorationLock speedFull tech treeHidden civsTurbo modeCheats
Victory
Defeat
🇺🇸 Franks · United States
854
+16
🇹🇷 Bohemians · Türkiye
848
-24
OZ
7:35 Loom
10:09 Feudal Age
11:06 Double-Bit Axe
16:45 Horse Collar
23:14 Castle Age
22:09 Fletching
25:48 Pikeman
27:17 Husbandry
27:45 Scale Mail Armor
28:58 Squires
31:45 Scale Barding Armor
33:08 Elite Skirmisher
34:22 Chain Mail Armor
37:24 Forging
jeifel
5:24 Loom
10:14 Feudal Age
11:48 Double-Bit Axe
15:09 Gold Mining
23:13 Castle Age
22:04 Forging
23:44 Scale Barding Armor
25:18 Chain Barding Armor
25:35 Iron Casting
26:41 Gold Shaft Mining
27:11 Husbandry
28:17 Bow Saw
32:31 Wheelbarrow
32:01 Elite Skirmisher
35:29 Imperial Age
33:31 Scale Mail Armor
33:22 Fletching
33:33 Padded Archer Armor
34:27 Hand Cart
36:52 Murder Holes
36:38 Treadmill Crane
37:19 Ballistics
37:36 Stone Mining
Connection lost

Rejoining the realm…

Still unreachable

The connection could not be restored.

Session expired

The server has moved on; the page needs a fresh start.